 Dungeon Crawl Stone Soup version 0.20.1-1-g8b1a95d (console) character file.

78 bli the Shield-Bearer (level 4, -4/37 HPs)
             Began as a Formicid Fighter on Aug 12, 2017.
             Slain by a troll (16 damage)
             ... on level 1 of the Dungeon.
             The game lasted 00:06:52 (1672 turns).

bli the Shield-Bearer (Formicid Fighter)            Turns: 1672, Time: 00:06:53

Health: -4/37      AC:  6    Str: 21    XL:     4   Next: 61%
Magic:  4/4        EV:  8    Int:  7    God:
Gold:   97         SH: 10    Dex: 11    Spells: 3/3 levels left

rFire    + . .     SeeInvis +   a - +0 trident
rCold    x . .     Gourm    .   c - +0 shield
rNeg     . . .     Faith    .   g - +0 scale mail
rPois    .         Spirit   .   (helmet unavailable)
rElec    .         Reflect  .   (no cloak)
rCorr    .         Harm     .   (no gloves)
MR       .....                  (no boots)
Stlth    +.........             (no amulet)
Regen    0.2/turn               p - ring of stealth
MPRegen  0.1/turn               q - ring of fire

@: no status effects
A: permanent stasis, dig shafts and tunnels, four strong arms, antennae 3
a: Dig, Shaft Self


You were on level 1 of the Dungeon.
You were not hungry.

You visited 1 branch of the dungeon, and saw 2 of its levels.

You collected 97 gold pieces.

Inventory:

Hand Weapons
 a - a +0 trident (weapon)
 b - a +0 spear
 y - a +0 dagger of venom
Missiles
 j - 42 stones (quivered)
Armour
 c - a +0 shield (worn)
 g - a +0 scale mail (worn)
 r - a +0 leather armour
Jewellery
 p - a ring of stealth (left hand)
 q - a ring of fire (right hand)
 s - an uncursed ring of see invisible
Wands
 o - a wand of iceblast (1/15)
Scrolls
 i - 4 scrolls of identify {unknown}
 k - a scroll of magic mapping {unknown}
 n - 2 scrolls of remove curse {unknown}
 t - a scroll of amnesia {unknown}
 u - a scroll of fear {unknown}
 v - a scroll of teleportation {unknown}
 x - a scroll of enchant armour {unknown}
Potions
 d - a potion of might
 e - 2 potions of brilliance {unknown}
 m - a potion of agility {unknown}
Comestibles
 f - 3 bread rations
 h - a meat ration
 l - a royal jelly
 w - 12 chunks of flesh


   Skills:
 * Level 3.9 Fighting
 + Level 2.6 Polearms
 + Level 3.4 Armour
 + Level 0.5 Dodging
 * Level 4.8 Shields


You had 3 spell levels left.
You didn't know any spells.

Dungeon Overview and Level Annotations

Branches:
Dungeon (2/15)

Altars:


Innate Abilities, Weirdness & Mutations

You cannot be hasted, slowed, berserked, paralysed or teleported.
You can dig through walls and to a lower floor.
Your four strong arms can wield two-handed weapons with a shield.
You have a pair of large antennae on your head. (SInv)


Message History

The troll is heavily wounded.
You block the troll's attack. x3
You hit the troll but do no damage.
The troll is heavily wounded.
You block the troll's attack. The troll claws you but does no damage.
The troll claws you. The troll bites you but does no damage.
The troll claws you. You block the troll's attack.
You closely miss the troll.
The troll is heavily wounded.
The troll closely misses you. The troll claws you.
The troll claws you but does no damage.
Evoke which item? (* to show all) (? for menu, Esc to quit)
Aiming: Iceblast (will waste charges)
Press: ? - help, Shift-Dir - straight line, f/p - troll
Aim: a troll (moderately wounded) That beam is likely to hit you.
Continue anyway?
The mass of ice explodes!
The iceblast engulfs the troll.
The troll is almost dead.
The iceblast engulfs you!
You feel a painful chill!
Evoking this partially-identified wand wasted a few charges.
The troll bites you!
You die...

..#....#.#.#.###############♣♣♣♣♣
..#....#.#.#.#...................
..#..........#.............♣....♣
..#..........#...###....⌠...♣.♣†♣
..##........)#................÷..
####........†#...########....♣...
####..##.....#...#.⌠.⌠# ##....♣..
.............#...#....#####.....♣
.###..##..#..)...#....#.#.8......
.##.>........#...T....#.'........
.##...##...#.#..@#....#.'......♣♣
.##...#....#.#...#.g⌠.#.#.8......
.###.......#.#...#....#####......
.# #..##...#.#...#.⌠.⌠# ##..♣♣...
.####.##.).#.#...########..♣...♣.
......##.....#..................♣
..........#..##############♣♣♣♣♣♣
......##....^.............#######
......#..........................
........###...###...##.##########
........# #..)# #................


You could see a troll.

Vanquished Creatures
  An adder (D:2)
  2 oozes (D:2)
  3 dart slugs (D:1)
  3 leopard geckos
  3 bats (D:1)
  3 giant cockroaches (D:1)
  6 goblins
  5 hobgoblins
  5 jackals (D:2)
  A quokka (D:2)
  2 ball pythons
  3 frilled lizards (D:1)
  8 kobolds
  7 rats
52 creatures vanquished.

Notes
Turn   | Place    | Note
-------+----------+-------------------------------------------
     0 | D:1      | bli the Formicid Fighter began the quest for the Orb.
     0 | D:1      | Reached XP level 1. HP: 18/18 MP: 1/1
   152 | D:1      | Noticed a troll
   155 | D:1      | Reached XP level 2. HP: 24/24 MP: 2/2
   191 | D:1      | Reached skill level 4 in Shields
   493 | D:1      | Reached XP level 3. HP: 29/29 MP: 3/3
   834 | D:1      | You fall through a shaft!
  1139 | D:2      | Reached XP level 4. HP: 37/37 MP: 4/4
  1672 | D:1      | Slain by a troll

Skill      XL: |  1  2 |
---------------+-------+-----
Shields        | 4 |  4.8
Fighting       | |  3.9
Polearms       | |  2.6
Armour         | |  3.4
Dodging        | |  0.5

Action                   |  1- 3 |  4- 6 || total
-------------------------+-------+-------++-------
Melee: Trident           |   113 |    72 ||   185
 Abil: Dig               |     3 |       ||     3
       Shaft Self        |     1 |       ||     1
Evoke: Wand              |       |     2 ||     2
  Eat: Chunk             |     1 |     2 ||     3
Armor: Scale mail        |    28 |    23 ||    51
Dodge: Dodged            |    36 |    23 ||    59
Block: Shield            |    43 |    35 ||    78
